 Dungeon Crawl Stone Soup version 0.30.0-29-ga12c61a403 (webtiles) character file.

Game seed: 2429853433727717882

926 Dordric the Cleaver (level 7, -6/57 HPs)
             Began as a Minotaur Monk on June 7, 2023.
             Mangled by Menkaure (14 damage)
             ... on level 5 of the Dungeon.
             The game lasted 00:05:58 (3815 turns).

Dordric the Cleaver (Minotaur Monk)                 Turns: 3815, Time: 00:05:59

Health: -6/57      AC: 11    Str: 23    XL:     7   Next: 85%
Magic:  6/6        EV:  7    Int:  7    God:
Gold:   178        SH:  0    Dex: 13    Spells: 6/6 levels left

rFire   + . .        q - +4 scythe (heavy)
rCold   . . .        (shield currently unavailable)
rNeg    . . .        o - +0 plate armour
rPois   .            l - +1 hat
rElec   .            (no cloak)
rCorr   .            (no gloves)
SInv    .            (no boots)
Will    .....        x - amulet of reflection Stlth
                     C - +6 ring of strength
HPRegen 0.29/turn    u - ring of protection from fire
MPRegen 0.10/turn

%: reflection
@: confused, ambrosia-drunk
A: horns 2, retaliatory headbutt
a: no special abilities


You were on level 5 of the Dungeon.
You visited 1 branch of the dungeon, and saw 5 of its levels.

You collected 178 gold pieces.

Inventory:

Hand Weapons
 a - a +0 hand axe
 q - a +4 heavy scythe (weapon)
Missiles
 n - 2 throwing nets (quivered)
Armour
 b - a +0 robe
 d - an orb of light
 l - a +1 hat (worn)
 o - a +0 plate armour (worn)
Jewellery
 s - an amulet of guardian spirit
 u - a ring of protection from fire (right hand)
 x - an amulet of reflection (around neck)
 C - a +6 ring of strength (left hand)
 D - a ring of poison resistance
 E - a ring of protection from cold
Wands
 w - a wand of roots (11)
Scrolls
 g - 2 scrolls of amnesia
 i - a scroll of immolation
 m - 2 scrolls of noise
 p - a scroll of magic mapping
 r - a scroll of butterflies
 t - a scroll of fear
 y - a scroll of teleportation
 A - a scroll of vulnerability {unknown}
 B - a scroll of enchant armour {unknown}
Potions
 e - 2 potions of heal wounds {unknown}
 f - a potion of lignification {unknown}
 h - a potion of might {unknown}
 j - 2 potions of curing {unknown}
 k - a potion of flight {unknown}
 v - 3 potions of attraction {unknown}
 z - a potion of brilliance {unknown}


   Skills:
 - Level 3.6 Fighting
 + Level 11.3 Axes
 - Level 3.2 Dodging


You had 6 spell levels left.
You didn't know any spells.
Your spell library contained the following spells:

 Spells                   Type           Power      Damage    Failure   Level
 Sandblast                Erth           0%         2d4       100%        1
 Blink                    Tloc           0%         N/A       100%        2
 Passwall                 Tmut/Erth      0%         N/A       100%        2
 Stone Arrow              Conj/Erth      0%         3d7       100%        3
 Manifold Assault         Tloc           0%         N/A       100%        4
 Storm Form               Tmut/Air       0%         N/A       100%        7


Dungeon Overview and Level Annotations

Branches:
Dungeon (5/15)
 Temple: D:4-7

Altars:
Fedhas

Shops:
D:3 *   D:4 ?

Annotations:
D:5 Menkaure


Innate Abilities, Weirdness & Mutations

You have a pair of horns on your head.
You reflexively headbutt those who attack you in melee.


Message History

You kill the bullfrog!
You pick up an Inescapable Atlas and begin reading...
You add the spells Blink, Manifold Assault and Storm Form to your library.
Found a stone staircase leading down.
E - a ring of protection from cold You now have 178 gold pieces (gained 10).
You open the door.
There is an open door here.
You open the door.
A hound comes into view.
Found the Essays on Scorched Confrontation.
The hound barks!
Menkaure and an iguana come into view.
Menkaure shouts!
The iguana hisses angrily.
The hound barely misses you.
You hit the hound. Your headbutt misses the hound.
The hound is lightly wounded.
The hound bites you but does no damage. x2
You miss the hound.
The hound is lightly wounded.
The hound bites you. The hound bites you but does no damage.
Menkaure rustles, "Let me perform the rites..."
Menkaure calls on the powers of darkness!
The hound convulses!
Your body is wracked with pain!
The iguana convulses!
You block the hound's attack.
You completely miss Menkaure.
The hound bites you but does no damage. x2
Menkaure hits you but does no damage.
Menkaure calls on the powers of darkness!
The hound convulses!
The iguana convulses!
Your body is wracked with pain!
* * * LOW HITPOINT WARNING * * *
You block the hound's attack.
You barely miss Menkaure. The hound bites you.
* * * LOW HITPOINT WARNING * * *
The hound closely misses you. Menkaure hits you!
* * * LOW HITPOINT WARNING * * *
Unknown command.
You are confused.
You feel invigorated. The hound bites you but does no damage.
Menkaure hits you!
You die...

#...########.############...#
# #...# #.## #...# # #...#
#..# ##### # ##### ##.# # #.#
#.# . #.# ... #.###.....
#.@hl..... ###M...... ..:####
...# ..## ... ##.# .#


You could see Menkaure, an iguana and a hound.

Vanquished Creatures
  Grinder (D:3)
  Sigmund (D:2)
  A black bear (D:5)
  An ice beast (D:5)
  Blork the orc (D:5)
  A bullfrog (D:5)
  2 scorpions (D:5)
  An iguana (D:5)
  6 adders
  A worm (D:2)
  7 orcs (D:3)
  13 endoplasms
  3 giant cockroaches (D:2)
  7 goblins
  10 hobgoblins
  4 jackals (D:4)
  A quokka (D:2)
  11 ball pythons
  A bat (D:3)
  3 frilled lizards
  4 kobolds
  8 rats
88 creatures vanquished.

Notes
Turn   | Place    | Note
-------+----------+-------------------------------------------
     0 | D:1      | Dordric the Minotaur Monk began the quest for the Orb.
     0 | D:1      | Reached XP level 1. HP: 19/19 MP: 0/0
    58 | D:1      | Reached skill level 4 in Axes
    71 | D:1      | Reached XP level 2. HP: 14/26 MP: 1/1
   860 | D:2      | Reached skill level 5 in Axes
   914 | D:2      | Reached XP level 3. HP: 26/31 MP: 2/2
  1126 | D:2      | Noticed Sigmund
  1137 | D:2      | Killed Sigmund
  1138 | D:2      | Reached skill level 7 in Axes
  1138 | D:2      | Reached XP level 4. HP: 39/39 MP: 3/3
  1138 | D:2      | Reached XP level 5. HP: 45/45 MP: 4/4
  1806 | D:3      | Noticed Grinder
  1820 | D:3      | Killed Grinder
  1821 | D:3      | Reached skill level 9 in Axes
  1821 | D:3      | Reached XP level 6. HP: 51/51 MP: 5/5
  1892 | D:3      | Found Wifaenyi's Assorted Antiques.
  1914 | D:3      | Found a faded altar of an unknown god.
  1980 | D:3      | Found a blossoming altar of Fedhas.
  2451 | D:4      | Found Duojoidu's Magic Scroll Boutique.
  3436 | D:5      | Entered Level 5 of the Dungeon
  3451 | D:5      | Reached XP level 7. HP: 57/57 MP: 6/6
  3500 | D:5      | Noticed Blork the orc
  3503 | D:5      | Reached skill level 10 in Axes
  3505 | D:5      | Killed Blork the orc
  3587 | D:5      | Reached skill level 11 in Axes
  3810 | D:5      | Noticed Menkaure
  3815 | D:5      | Mangled by Menkaure

Illustrated notes

Levels and vault maps discovered:
D:1:      ebering_hopf_link, layout_loops_ring, st_stairs_11
D:2:      layout_basic, uniq_sigmund
D:3:      layout_loops_cross, fedhas_altar_1,
          dreamdust_ecumenical_altar_angels_and_demons, serial_shops, shop,
          uniq_grinder
D:4:      layout_loops_corners, serial_shops, shop
D:5:      minmay_chambers_of_threes, layout_basic, uniq_blork_the_orc,
          uniq_menkaure

Skill      XL: |  1  2  3  4  5  6  7 |
---------------+----------------------+-----
Axes           | 4 5 7 9 11 | 11.3
Fighting       | |  3.6
Dodging        | |  3.2

Action                     |  1- 3 |  4- 6 |  7- 9 || total
---------------------------+-------+-------+-------++-------
  Melee: Hand axe          |    64 |     6 |       ||    70
         Headbutt          |    15 |     7 |     3 ||    25
         Halberd           |       |    74 |    21 ||    95
    Use: Scroll            |       |     7 |       ||     7
         Potion            |       |     1 |     1 ||     2
 Armour: Robe              |     2 |       |       ||     2
         Ring mail         |       |    25 |       ||    25
         Leather armour    |       |     5 |       ||     5
         Scale mail        |       |     1 |       ||     1
         Plate armour      |       |       |    21 ||    21
  Dodge: Dodged            |    33 |    57 |     9 ||    99
  Block: Other             |       |     2 |     8 ||    10
